 Dungeon Crawl Stone Soup version 0.22-a0-603-gfc1114d (webtiles) character file.

82 sking99 the Insei (level 4, -1/37 HPs)
             Began as a Draconian Transmuter on July 7, 2018.
             Slain by an orc
             ... wielding a +0 mace
              (4 damage)
             ... on level 2 of the Dungeon.
             The game lasted 00:02:54 (2529 turns).

sking99 the Insei (Draconian Transmuter)            Turns: 2529, Time: 00:02:55

Health: -1/37      AC:  5    Str: 12    XL:     4   Next: 21%
Magic:  7/7        EV: 12    Int: 14    God:
Gold:   138        SH:  0    Dex: 12    Spells: 4/7 levels left

rFire    . . .     SeeInvis .     - Unarmed
rCold    . . .     Gourm    .   (no shield)
rNeg     . . .     Faith    .   (armour unavailable)
rPois    .         Spirit   .   (helmet restricted)
rElec    .         Reflect  .   (no cloak)
rCorr    .         Harm     .   (no gloves)
MR       .....                  (no boots)
Stlth    +.........             (no amulet)
HPRegen  0.12/turn              (no ring)
MPRegen  0.10/turn              (no ring)

@: no status effects
A: unfitting armour, cold-blooded, AC +5
a: no special abilities


You were on level 2 of the Dungeon.
You were very hungry.

You visited 1 branch of the dungeon, and saw 3 of its levels.

You collected 138 gold pieces.

Inventory:

Missiles
 a - 10 arrows
Jewellery
 k - an uncursed amulet of faith {unknown}
Scrolls
 b - a scroll of remove curse {unknown}
 d - 3 scrolls of teleportation {unknown}
 e - 5 scrolls of identify {unknown}
 l - 2 scrolls of enchant armour {unknown}
 n - a scroll of immolation {unknown}
Potions
 g - a potion of lignification {unknown}
 h - 2 potions of mutation {unknown}
 i - a potion of flight {unknown}
 j - a potion of degeneration {unknown}
 m - a potion of curing {unknown}
Comestibles
 c - 4 rations


   Skills:
 + Level 2.4 Fighting
 - Level 1.7 Dodging
 * Level 4.3 Unarmed Combat
 - Level 2.0 Spellcasting
 + Level 2.5 Transmutations


You had 4 spell levels left.
You knew the following spells:

 Your Spells              Type           Power        Failure   Level  Hunger
a - Beastly Appendage     Tmut           #.....       9%          1    ##.....
b - Sticks to Snakes      Tmut           #.......     12%         2    ###....

Your spell library contained the following spells:

 Spells                   Type           Power        Failure   Level  Hunger
 Spider Form              Tmut/Pois      #.........   38%         3    ####...
 Blade Hands              Tmut           #.........   92%         5    ######.
 Ice Form                 Ice/Tmut       #.......     80%         4    #####..


Dungeon Overview and Level Annotations

Branches:
Dungeon (3/15)

Altars:


Innate Abilities, Weirdness & Mutations

Your plain brown scales are hard. (AC +5)
You cannot fit into any form of body armour.
You are cold-blooded and may be slowed by cold attacks.


Message History

The orc hits you with a mace. The orc hits you but does no damage. x2
The orc closely misses you.
You hit the orc but do no damage.
The orc is heavily wounded.
The orc hits you with a mace. The orc barely misses you.
The orc closely misses you. The orc hits you but does no damage.
You hit the orc.
Your tail-slap misses the orc.
The orc is almost dead.
The orc hits you with a whip. The orc hits you with a hand axe.
The orc barely misses you.
You hit the orc but do no damage.
The orc is almost dead.
The orc hits you with a mace!
* * * LOW HITPOINT WARNING * * *
The orc misses you. x2; The orc hits you with a mace.
* * * LOW HITPOINT WARNING * * *
You hit the orc.
You kill the orc!
The orc hits you with a mace.
You die...

# ## # ########### #. #
#.........# #. # #.#######.# #.
######### #.# #.# #####.
........###.##### #.# #.....
######..........# #.# #.###. #
##...###.###o###.###### #.# #. #
#.....##.# #.@).......# #.# #. #
##...###.###oo##.####.# #.# ## #
##.## #..........# #.# #.# #.#
######.###.# #.###.# #.# #.# #.#
#.##..# ##'## #.###.###.##.## ##
##...## #......[..##.#
.###.....###########.######.####
.##................#.# #.##.##


You could see 3 orcs.

Vanquished Creatures
  3 adders (D:2)
  An adder skeleton (D:2)
  A dart slug (D:1)
  A leopard gecko (D:1)
  2 orcs (D:2)
  5 bats
  A giant cockroach (D:2)
  4 goblins
  7 hobgoblins
  2 jackals (D:1)
  8 kobolds
  3 frilled lizards
  2 rats (D:1)
40 creatures vanquished.

Vanquished Creatures (collateral kills)
  An adder (D:2)
  A worm (D:2)
2 creatures vanquished.

Grand Total: 42 creatures vanquished

Notes
Turn   | Place    | Note
-------+----------+-------------------------------------------
     0 | D:1      | sking99 the Draconian Transmuter began the quest for the Orb.
     0 | D:1      | Reached XP level 1. HP: 16/16 MP: 3/3
   181 | D:1      | Reached XP level 2. HP: 23/23 MP: 5/5
   204 | D:1      | Learned a level 2 spell: Sticks to Snakes
   935 | D:1      | Reached XP level 3. HP: 29/29 MP: 6/6
  1409 | D:2      | Reached skill level 4 in Unarmed Combat
  1935 | D:2      | Reached XP level 4. HP: 36/37 MP: 7/7
  2529 | D:2      | Slain by an orc

Vault maps used:
D:1:      dpeg_arrival_renting
D:3:      kennysheep_generic_room_2

Skill      XL: |  1  2  3 |
---------------+----------+-----
Fighting       | 2 |  2.4
Unarmed Combat | 4 |  4.3
Dodging        | |  1.7
Spellcasting   | |  2.0
Transmutations | |  2.5

Action                   |  1- 3 |  4- 6 || total
-------------------------+-------+-------++-------
Melee: Unarmed           |   129 |    23 ||   152
       Tailslap          |    15 |     3 ||    18
       Kick              |     1 |       ||     1
       Headbutt          |     1 |       ||     1
       Punch             |     1 |       ||     1
 Cast: Beastly Appendage |     5 |       ||     5
       Sticks to Snakes  |     1 |     1 ||     2
 Stab: Sleeping          |     1 |       ||     1
  Eat: Chunk             |     3 |     1 ||     4
Armor: Skin              |    30 |     5 ||    35
Dodge: Dodged            |   108 |    16 ||   124

Table legend:
 A = Spawn XP
 B = Non-spawn XP
 C = Spawn XP percentage of total XP
 D = Spawn monster count
 E = Non-spawn monster count
 F = Spawn count percentage of total count
 G = Total turns spent on level
                    A         B        C        D         E        F      G
               +---------+---------+-------+---------+---------+-------+---------
         Total |       0 |     118 |   0.0 |       0 |      42 |   0.0 |  2529
               +---------+---------+-------+---------+---------+-------+---------
           D:1 |       0 |      41 |   0.0 |       0 |      24 |   0.0 |  1281
           D:2 |       0 |      77 |   0.0 |       0 |      18 |   0.0 |  1237
               +---------+---------+-------+---------+---------+-------+---------
